Cogmind - Beta 14 @@@ ROGUE MODE // 2024.08.18 @ 20:20:10 Player: Attma Result: Destroyed by S-10 Pest with Light Assault Rifle Performance ------------- Evolutions (2) 1000 Regions Visited (4) 800 Robots Destroyed (54) 270 Value Destroyed (1345) 1345 Prototype IDs (1) 20 Alien Tech Used (0) 0 Bonus (0) 0 TOTAL SCORE: 3435 Bonus ------- None Cogmind --------- Core Integrity 0/550 Matter 281/300 Energy 150/150 System Corruption 0% Temperature Cool (0) Movement Walking (260) Ox2 Location -8/Materials Parts ------- > --- POWER (1) -------- Light Angular Momentum Engine > --- PROPULSION (2) --- Carbon-fiber Leg Carbon-fiber Leg > --- UTILITY (4) ------ High-capacity Storage Unit Targeting Computer Field Recycling Unit > --- WEAPON (4) ------- Gauss Rifle Mining Claw > --- INVENTORY (20) --- Light Nuclear Core Light Treads Arachnoskeleton Visual Processing Unit Datajack Scrap Shield Fragment (43) Peak State ------------ > --- POWER ------------ Light Angular Momentum Engine > --- PROPULSION ------- Carbon-fiber Leg Carbon-fiber Leg > --- UTILITY ---------- High-capacity Storage Unit Targeting Computer Medium Armor Plating Field Recycling Unit > --- WEAPON ----------- Gauss Rifle Mining Claw > --- INVENTORY -------- Light Nuclear Core Light Treads Arachnoskeleton Visual Processing Unit Datajack Scrap Shield Fragment [Rating: 25] Favorites ----------- Power Improved Ion Engine Engine Improved Ion Engine Power Core Light Nuclear Core Propulsion Light Treads Treads Light Treads Leg Aluminum Leg Wheel Subdweller Monowheel Utility High-capacity Storage Unit Device Seismic Detector Storage High-capacity Storage Unit Processor Targeting Computer Protection Medium Armor Plating Weapon Minigun Energy Gun Improved EM Shotgun Ballistic Gun Minigun Ballistic Cannon Light Cannon Launcher Grenade Launcher Special Weapon Flamer Slashing Weapon Mining Claw Build | -11 -10 -10 -10 -8 ------- Run | Yrd Mat Min Sub Mat Slots Evolved 4 | . . . . 4 Power . | . . . . . Propulsion . | . . . . . Utility 2 | . . . . 2 Weapon 2 | . . . . 2 Parts Attached 102 | 7 12 9 36 38 Power 23 | 1 1 . 15 6 Engine 21 | 1 1 . 15 4 Core 2 | . . . . 2 Reactor . | . . . . . Propulsion 20 | 2 . . 6 12 Treads 7 | 2 . . 2 3 Leg 6 | . . . . 6 Wheel 7 | . . . 4 3 Hover . | . . . . . Flight . | . . . . . Utility 26 | 2 8 3 2 11 Device 11 | 1 4 2 . 4 Storage 6 | 1 2 . . 3 Processor 2 | . 1 . . 1 Hackware . | . . . . . Protection 7 | . 1 1 2 3 Artifact . | . . . . . Weapon 33 | 2 3 6 13 9 Energy Gun 11 | 1 3 1 5 1 Energy Cannon . | . . . . . Ballistic Gun 6 | 1 . . 1 4 Ballistic Cannon 2 | . . 2 . . Launcher 7 | . . 2 4 1 Special Weapon 1 | . . . . 1 Impact Weapon . | . . . . . Slashing Weapon 6 | . . 1 3 2 Piercing Weapon . | . . . . . Special Melee Weapon . | . . . . . Unidentified Prototypes 1 | . 1 . . . Parts Lost 27 | . 2 . 7 18 Power 4 | . . . 1 3 Propulsion 6 | . . . 1 5 Utility 6 | . . . 2 4 Weapon 11 | . 2 . 3 6 Highest Loss Streak 6 | . 2 . 6 6 To Critical Strikes . | . . . . . Average Slot Usage (%) 91 | . 99 100 89 75 Engine 12 | . 14 14 14 8 Treads 17 | . 28 28 6 . Leg 2 | . . . . 7 Wheel 4 | . . . 19 6 Device 10 | . 13 13 . 10 Storage 12 | . 14 14 14 8 Protection 2 | . . . 8 4 Energy Gun 8 | . 16 8 15 . Ballistic Gun 8 | . 11 . 1 20 Ballistic Cannon 5 | . . 12 1 . Launcher 3 | . . 7 2 . Slashing Weapon 2 | . . . 4 5 Peak Build Rating 25 | 7 14 15 18 25 Average Rating 14 | 5 12 12 14 21 On Entrance 8 | . 7 14 11 10 Naked Turns . | . . . . . Heaviest Build 236 | 13 54 60 62 236 Greatest Support 40 | 40 40 40 40 40 Greatest Overweight (x) 71 | 1 1 1 3 71 Average Overweight (x) 2 | . . 1 1 9 Largest Inventory Capacity 35 | 8 20 20 20 35 Average Capacity 22 | 7 19 20 20 32 Most Carried 23 | 7 20 20 20 23 Average Carried 18 | 5 17 19 19 16 Final Capacity 20 | 8 20 20 20 20 Final Carried 20 | 7 19 20 20 8 Class Distribution -------------------- 73% | Mutant 11% | Hauler-Tank 5% | Hauler-Gunner 3% | Hauler-Mutant Dominant Class ---------------- Mutant | -10/Materials Mutant | -10/Mines Mutant | -10/Subcaves Hauler-Tank | -8/Materials Resources | -11 -10 -10 -10 -8 ----------- Run | Yrd Mat Min Sub Mat Matter Collected 1674 | 350 151 154 283 736 Remotely . | . . . . . Salvage Created 1809 | 192 500 290 154 673 Parts 108 | 9 36 20 7 36 Haulers Intercepted . | . . . . . Recyclers Shooed 5 | 2 3 . . . Parts Field Recycled . | . . . . . Retrieved Matter . | . . . . . Parts Self-Destructed 5 | . . . 5 . Prevented . | . . . . . Kills | -11 -10 -10 -10 -8 ------- Run | Yrd Mat Min Sub Mat Combat Hostiles Destroyed 33 | . 7 8 8 10 Melee 2 | . . . . 2 Guns 18 | . 5 4 1 8 Cannons 2 | . . 1 1 . AOE 10 | . 2 3 5 . Classes Destroyed 11 | 3 5 . 1 2 Worker 3 | 1 1 1 . . Builder 6 | . 5 . . 1 Tunneler 5 | 4 . 1 . . Recycler 4 | 1 1 . . 2 Operator 1 | . 1 . . . Watcher 2 | . 2 . . . Swarmer 7 | . 3 2 2 . Grunt 17 | . 4 6 . 7 Sentry 2 | . . . . 2 Hunter 1 | . . . . 1 Subdweller 6 | . . . 6 . Best Kill Streak 6 | 3 6 3 4 4 Combat Bots Only 4 | . 4 2 4 3 Max Kills in Single Turn 4 | 1 4 2 2 1 Gunslinging . | . . . . . Exploded 2 | . 2 2 2 . Melee 1 | . . . . 1 Uniques/NPCs Destroyed . | . . . . . Combat | -11 -10 -10 -10 -8 -------- Run | Yrd Mat Min Sub Mat Hostile Shots Fired 326 | . 26 14 55 231 Missed 79 | . 5 6 20 48 Damage Taken 3839 | . 365 104 743 2627 Core 657 | . 6 10 90 551 Absorbed by Shields . | . . . . . Regen/Repaired (Parts) 165 | . . . . 165 Core Remaining (%) 78 | 100 . . 57 . Volleys Fired 131 | 28 26 13 25 39 Largest 3 | 2 2 2 2 3 Hottest 100 | 60 90 90 100 75 Shots Fired 209 | 31 50 25 37 66 Gun 187 | 31 50 15 26 65 Cannon 9 | . . 6 3 . Launcher 13 | . . 4 8 1 Special . | . . . . . Kinetic 135 | 28 23 6 13 65 Thermal . | . . . . . Explosive 10 | . . 4 5 1 Electromagnetic 64 | 3 27 15 19 . Robot Hit Streak 17 | 5 5 4 11 17 Robot Miss Streak 4 | 2 4 3 2 2 Penetration Max . | . . . . . Secondary Targets 3 | . 1 . . 2 Max Gunslinging Chain 1 | . 1 . . 1 Shots Hit Robots 154 | 21 31 16 24 62 Core Hits 85 | 6 26 15 14 24 Critical Kills . | . . . . . Critical Parts Destroyed . | . . . . . Critical Strikes 1 | . . . 1 . Blast 1 | . . . 1 . Melee Attacks 36 | . . 2 18 16 Impact . | . . . . . Slashing 36 | . . 2 18 16 Piercing . | . . . . . Sneak Attacks 2 | . . . . 2 Combat Hostiles . | . . . . . Follow-up Attacks . | . . . . . Damage Inflicted 3863 | 255 837 355 1164 1252 Guns 2096 | 254 529 170 236 907 Cannons 99 | . . 60 39 . Explosions 1381 | . 307 125 889 60 Melee 259 | . . . . 259 Ramming 28 | 1 1 . . 26 Kinetic 1877 | 229 140 60 541 907 Thermal 307 | . 307 . . . Explosive 572 | . . 125 387 60 Electromagnetic 820 | 25 389 170 236 . Impact . | . . . . . Slashing 259 | . . . . 259 Piercing . | . . . . . Highest Corruption . | . . . . . Average Corruption . | . . . . . Corruption Purged . | . . . . . Corruption Blocked . | . . . . . Overload Shots . | . . . . . Overflow Damage 54 | . 3 . 11 40 Projectiles . | . . . . . Explosions 14 | . 3 . 11 . Melee 40 | . . . . 40 Knockbacks 1 | . . 1 . . Impact . | . . . . . Kinetic 1 | . . 1 . . Secondary . | . . . . . Self-Inflicted Damage 192 | . 140 8 31 13 Shots 8 | . 4 1 3 . Rammed 4 | 1 2 . . 1 Targets Rammed 4 | 1 2 . . 1 Kicked . | . . . . . Crushed . | . . . . . Highest Temperature 119 | . 84 99 . 119 Average Temperature 28 | . 15 41 . 32 Received Heat Transfer 1275 | . 84 45 93 1053 Siege Activations . | . . . . . Robots Corrupted 1 | . . . 1 . Combat Hostiles 1 | . . . 1 . Parts Fried 3 | . 2 . 1 . Impact Corruptions . | . . . . . Robots Melted . | . . . . . Combat Hostiles . | . . . . . Parts Melted 1 | . 1 . . . Heat Transferred 400 | . 400 . . . Parts Sabotaged . | . . . . . Parts Stolen . | . . . . . Parts Stripped . | . . . . . Power Chain Reactions 4 | . 4 . . . Alert | -11 -10 -10 -10 -8 ------- Run | Yrd Mat Min Sub Mat Peak Influence 208 | 30 208 167 . 90 Initial 47 | . 19 47 . . Average 29 | 10 55 16 . 33 Maximum Alert Level 1 | . 1 . . . Low Security (%) 99 | 100 98 100 . 100 Level 1 . | . 1 . . . Level 2 . | . . . . . Level 3 . | . . . . . Level 4 . | . . . . . Level 5 . | . . . . . High Security . | . . . . . Max Security . | . . . . . Squads Dispatched 2 | . 2 . . . Investigation 1 | . 1 . . . Extermination . | . . . . . Reinforcement 1 | . 1 . . . Assault . | . . . . . Garrison . | . . . . . Intercept . | . . . . . Searches Triggered . | . . . . . Construction Impeded . | . . . . . Haulers Reinforced . | . . . . . Active Scanning Responses . | . . . . . Cargo Convoy Interrupts . | . . . . . Stealth | -11 -10 -10 -10 -8 --------- Run | Yrd Mat Min Sub Mat Distress Signals . | . . . . . Communications Jammed . | . . . . . Distress Signals . | . . . . . Times Spotted 57 | . 15 7 14 21 Peak Tracking Total 4 | . 4 2 4 4 Tactical Retreats 2 | . 1 . 1 . Traps | -11 -10 -10 -10 -8 ------- Run | Yrd Mat Min Sub Mat Traps Triggered 1 | . 1 . . . Indirectly . | . . . . . Trap Hack Attempts . | . . . . . Triggered . | . . . . . Disarmed . | . . . . . Reprogrammed . | . . . . . Reused . | . . . . . Traps Extracted . | . . . . . Installed . | . . . . . Triggered . | . . . . . Machines | -11 -10 -10 -10 -8 ---------- Run | Yrd Mat Min Sub Mat Machines Disabled 1 | . . . . 1 Max in Single Turn 1 | . . . . 1 Machines Repaired . | . . . . . Machines Dismantled . | . . . . . Machines Sabotaged . | . . . . . Overloaded Fab Kills . | . . . . . Hacking | -11 -10 -10 -10 -8 --------- Run | Yrd Mat Min Sub Mat Machines Accessed 10 | . 7 . 1 2 Terminals 6 | . 5 . . 1 Fabricators . | . . . . . Repair Stations 1 | . . . . 1 Recycling Units 2 | . 2 . . . Scanalyzers . | . . . . . Garrison Access . | . . . . . Total Hacks 28 | . 17 . 5 6 Successful 20 | . 10 . 5 5 Failed 8 | . 7 . . 1 Catastrophic 2 | . 2 . . . Database Lockouts . | . . . . . Manual 8 | . 6 . . 2 Terminals 18 | . 15 . . 3 Fabricators . | . . . . . Repair Stations 3 | . . . . 3 Recycling Units 2 | . 2 . . . Scanalyzers . | . . . . . Garrison Access . | . . . . . Terminal Hacks 11 | . 5 . 5 1 Record 5 | . . . 5 . Emergency Access Points 1 | . 1 . . . Dispatch Records 1 | . 1 . . . Registered Prototypes 1 | . 1 . . . Zone Layout 3 | . 2 . . 1 Fabricator Hacks . | . . . . . Repair Station Hacks 2 | . . . . 2 Scan Component 1 | . . . . 1 Repair 1 | . . . . 1 Recycling Unit Hacks 2 | . 2 . . . Report Inventory 2 | . 2 . . . Scanalyzer . | . . . . . Garrison Access Hacks . | . . . . . Unauthorized Hacks 5 | . 3 . . 2 Terminals 5 | . 3 . . 2 Botnet 3 | . 2 . . 1 Operators 2 | . 1 . . 1 Fabricators . | . . . . . Repair Stations . | . . . . . Recycling Units . | . . . . . Scanalyzers . | . . . . . Garrison Access . | . . . . . Data Cores Recovered 1 | . 1 . . . Used . | . . . . . Hacking Detections 6 | . 4 . . 2 Full Trace Events . | . . . . . Feedback Events . | . . . . . Feedback Blocked . | . . . . . Robot Schematics Acquired . | . . . . . Robots Built . | . . . . . Authchips . | . . . . . Time . | . . . . . Total Robot Build Rating . | . . . . . Part Schematics Acquired . | . . . . . Parts Built . | . . . . . Authchips . | . . . . . Time . | . . . . . Total Part Build Rating . | . . . . . Parts Repaired 1 | . . . . 1 Time 26 | . . . . 26 Parts Recycled . | . . . . . Recycled Matter . | . . . . . Retrieved Matter . | . . . . . Retrieved Components . | . . . . . Parts Scanalyzed . | . . . . . Part Schematics Acquired . | . . . . . Parts Damaged . | . . . . . Bothacking | -11 -10 -10 -10 -8 ------------ Run | Yrd Mat Min Sub Mat Used RIF Installer . | . . . . . Robots Hacked . | . . . . . Non-combat . | . . . . . Combat . | . . . . . Robot Hacks Applied . | . . . . . Relay Couplers Released . | . . . . . Fabnet Peak Effective % . | . . . . . Robots Rewired . | . . . . . Allies Hacked . | . . . . . Hacks Repelled . | . . . . . Allies | -11 -10 -10 -10 -8 -------- Run | Yrd Mat Min Sub Mat Total Allies . | . . . . . Largest Group . | . . . . . Highest-Rated Group . | . . . . . Highest-Rated Ally . | . . . . . Total Orders . | . . . . . Ally Attacks . | . . . . . Total Damage . | . . . . . Kills . | . . . . . Allies Corrupted . | . . . . . Allies Melted . | . . . . . Intel | -11 -10 -10 -10 -8 ------- Run | Yrd Mat Min Sub Mat Robot Analysis Total . | . . . . . Derelict Logs Recovered 3 | . . 2 1 . Drone Launches . | . . . . . Drone Recoveries . | . . . . . Exploration | -11 -10 -10 -10 -8 ------------- Run | Yrd Mat Min Sub Mat Turns Passed 7757 | 252 1400 2947 1066 2092 Spaces Moved 2775 | 115 543 1058 621 438 Core 14 | 9 . . . 5 Treads 1805 | 106 543 1058 80 18 Legs 155 | . . . . 155 Wheels 801 | . . . 541 260 Hover . | . . . . . Flight . | . . . . . Fastest Speed 50 | 50 160 240 120 120 Average Speed 236 | 152 232 240 137 393 Slowest Speed 3600 | 160 240 240 320 3600 Overloaded Moves . | . . . . . Propulsion Burnouts . | . . . . . Robots Hopped . | . . . . . Cave-ins Triggered . | . . . . . Exploration Rate (%) 47 | 6 71 99 37 23 Regions Visited 4 Branch Regions 2 Pre-discovered Areas 5 | . . 3 2 . Known Exits Taken . | . . . . . Unknown Exits Taken 4 | 1 1 1 1 . Scrap Searched 6 | . . 3 3 . Spaces Dug 1 | . . . . 1 Terrain Destroyed 118 | . 9 29 75 5 Melee 1 | . . . . 1 Projectile . | . . . . . AOE 117 | . 9 29 75 4 Terrain Rammed . | . . . . . Walls Destroyed . | . . . . . Machines Disabled . | . . . . . Actions | -11 -10 -10 -10 -8 --------- Run | Yrd Mat Min Sub Mat Total 3709 | 157 632 1434 763 723 Wait 543 | . 12 350 23 158 Move 2771 | 114 542 1057 620 438 Hop . | . . . . . Pick Up 71 | 7 24 2 15 23 Fast Attach 32 | 7 1 . 3 21 Attach 21 | . 2 . 7 12 Detach 11 | . 1 . . 10 Swap 49 | . 9 9 26 5 Drop 40 | . 13 1 26 . Fire 131 | 28 26 13 25 39 Melee 36 | . . 2 18 16 Ram 1 | . . . . 1 Kick . | . . . . . Crush 3 | 1 2 . . . Escape Stasis . | . . . . . Rewire . | . . . . . Trap . | . . . . . Miscellaneous . | . . . . . Route ------- -11/Scrapyard -10/Materials (discovered 3 exits: *Mat x2 / [*Min]) -10/Mines (discovered 3 exits: *Mat x2 / *Sub) -10/Subcaves -8/Materials History --------- Turn | Location | Event 19 | -11/Scrapyard | Discovered new exit (range 15) 253 | -11/Scrapyard | Entered Materials 311 | -10/Materials | Build established: Mutant 659 | -10/Materials | Discovered new exit (range 19) 896 | -10/Materials | Identified exit to Materials 1251 | -10/Materials | Discovered exit to Materials (range 4) 1550 | -10/Materials | Discovered new exit (range 16) 1653 | -10/Materials | Entered Mines 1717 | -10/Mines | Assembled infested the area 2346 | -10/Mines | Discovered exit to Materials (range 10) 2546 | -10/Mines | Learned location of Storage (-7) 2645 | -10/Mines | Discovered exit to Materials (range 11) 4592 | -10/Mines | Discovered new exit (range 3) 4600 | -10/Mines | Entered Subcaves 4755 | -10/Subcaves | Disturbed a concealed Subdweller 4770 | -10/Subcaves | Disturbed a concealed Subdweller 4795 | -10/Subcaves | Disturbed a concealed Subdweller 5098 | -10/Subcaves | Learned location of Zion (-7) 5098 | -10/Subcaves | Met a Zionite searching for "candidates" 5327 | -10/Subcaves | Visited Clippyterm 5330 | -10/Subcaves | Learned Factory fabricator intel 5330 | -10/Subcaves | Learned Factory garrison access intel 5370 | -10/Subcaves | A swath of the cavern ceiling suddenly collapsed 5473 | -10/Subcaves | Shifting Twisted Machinery released Flamer 5478 | -10/Subcaves | Shifting Twisted Machinery released Sub. Power Source 5498 | -10/Subcaves | Discovered new exit (range 14) 5500 | -10/Subcaves | A Subdweller sparked back to life 5500 | -10/Subcaves | A Subdweller sparked back to life 5500 | -10/Subcaves | A Subdweller sparked back to life 5563 | -10/Subcaves | Found Prototype Leg 5571 | -10/Subcaves | Lost 6 parts (1p1n1u3w) 5666 | -10/Subcaves | Entered Materials 5666 | -8/Materials | Evolved 4 slots: Utility x2, Weapon x2 5962 | -8/Materials | Lost 4 parts (1n1u2w) 6237 | -8/Materials | Build established: Hauler-Gunner 6603 | -8/Materials | Build established: Hauler-Tank 6994 | -8/Materials | Repaired Humpback 7371 | -8/Materials | Core integrity fell below 50% 7399 | -8/Materials | Lost 3 parts (2n1w) 7518 | -8/Materials | Core integrity fell below 20% 7534 | -8/Materials | Lost 6 parts (1p2n2u1w) 7758 | -8/Materials | Destroyed by S-10 Pest with Light Assault Rifle Last Messages --------------- 07538_ H-55 Commando destroyed. 07543_ Acquired Carbon-fiber Leg. 07550_ Acquired Gauss Rifle. 07552_ Acquired Targeting Computer. 07554_ Acquired 47 matter. 07556_ Acquired Lgt. Nuclear Core. 07564_ Acquired Hcp. Storage Unit. 07569_ Acquired Visual Processing Unit. 07572_ Acquired Med. Armor Plating. 07581_ Acquired 45 matter. 07583_ Acquired 85 matter. 07627_ K-01 Serf collects debris. 07669_ Acquired Datajack. 07700_ K-01 Serf cleans the Matter Pump. 07703_ K-01 Serf collects debris. 07714_ K-01 Serf cleans the Matter Pump. 07745_ Med. Armor Plating destroyed. 07748_ S-10 Pest destroyed. 07757_ Slug penetrates S-10 Pest. 07757_ Matter Pump disabled. Map ----- +----------------------------------------------------+ | ?????????????????????????????????????????????????? | | ?????????????????????????????????????????????????? | | ?????????????????????????????????????????????????? | | ?????????????????????????????????????????????????? | | ?????????????????????????????????????????????????? | | ?????????????????????????????????????????????????? | | ?????????????????????????????????????????????????? | | ?????????????????????????????????????????????????? | | ?????????????????????????????????????????????????? | | ??????????##########?????????????????????????????? | | ??????????# #?????????????????????????????? | | ??????????# #?????????????????????????????? | | ??????????# #?????????????????????????????? | | ??????????# #?????????????????????????????? | | ??????????# #??????????????# ?????????? | | ?????????## #??????????????# ?????????? | | ?########## #??????????????#"" ?????????? | | ?# #! #?###########??#"" ?????????? | | ?# #* #?# """ """ #??#"T ?????????? | | ?# #+##+####### """ """ #??#"" ?????????? | | ?# # # """ """ #??#"" ?????????? | | ?# !! + # #??# ?????????? | | ?# ! # # #??# ?????????? | | ?# ! ## "" # #??# ?????????? | | ?# ## """ # #??# ?????????? | | ?# ## # @ #??# ?????????? | | ?#+######### ###s########## ????????? | | ?# #??# s =% #????????? | | ?# #??# = #????????? | | ?# #??# """ """ T #????????? | | ?# #??##### """ ""% #????????? | | ?# #??????# """ """ ######### #?????????? | | ?# ######## #???????# #?????????? | | ?# ## # #???????# #?????????? | | ?# ## # """ """ #???????# +?????????? | | ?# ## # """ """ #???????# #?????????? | | ?# # # """ """ #???????# #?????????? | | ?# + # ######### #?????????? | | ?# # + # # #?????????? | | ?# # # """ """ # # #?????????? | | ## ####### """ """ # """# #?????????? | | # ##### """ """ # """# #?????????? | | # # """# #?????????? | | # # # #?????????? | | # ##### # """# #?????????? | | ## ##???############### # """#?????????????? | | ?# #??????????????????# + """#?????????????? | | ?# #??????????????????# # #???#?????????? | | ?# #??????????????????# &=# #?? #?????????? | | ?# #?????????????????##=* #########? #?????????? | +----------------------------------------------------+ Best States ------------- Heat Dissipation 31 Energy Generation 18 Energy Capacity 265 Matter Stores 300 Matter Capacity 300 Sight Range 21 Terrain Scan Range 14 Terrain Scan Density 10 Armor Coverage 800 Evasion (%) 50 Targeting Accuracy 5 Recoil Reduction 2 Item Schematics ----------------- None Robot Schematics ------------------ None Fabricated ------------ Nothing Alien Tech Used ----------------- None Achievements -------------- Hey, That's Mine! Challenges ------------ None Game ------ Seed LightningIntegrityStick Manual? 0 Play Time 00:54:39 Cumulative 22.6 hours Start 2024.08.18 @ 19:27:38 End 2024.08.18 @ 20:20:10 Sessions 1 Manual Loads 0 Difficulty Rogue Special Mode None Game No. 32 Rogue 32 Adventurer 0 Explorer 0 Win Type - Total 0 Types 0/0/0/0/0/0/0/0/0 Lore% 11 Gallery% 20 Achievement% 20 Wizard Run 0 Options --------- Layout 2 ASCII 1 Keyboard 1 Movement Arrows Keybinds 0 Fullscreen 1 Font 32/SmallcapsGlow Map View 50x44 Zoom Use 0% Tactical HUD 1 Map Filters NONE Filters NONE Steam 1 RUN: 0ac96296-efc2-4002-ac51-914ddd39812e